 Dungeon Crawl Stone Soup version 0.22.0 (webtiles) character file.

245 Gaball the Shooter (level 5, 0/45 HPs)
             Began as a Centaur Hunter on Aug 11, 2018.
             Was an Initiate of Gozag.
             Succumbed to a worker ant's poison
             ... on level 4 of the Dungeon.
             The game lasted 00:05:59 (3749 turns).

Gaball the Shooter (Centaur Hunter)                 Turns: 3749, Time: 00:06:00

Health: 0/45       AC:  6    Str: 21    XL:     5   Next: 84%
Magic:  5/5        EV: 14    Int: 10    God:    Gozag
Gold:   404        SH:  0    Dex: 14    Spells: 4/4 levels left

rFire    + . .     SeeInvis .   r - -1 falchion (curse)
rCold    . . .     Gourm    .   (no shield)
rNeg     . . .     Faith    .   o - +1 ring mail {rF+}
rPois    .         Spirit   .   (no helmet)
rElec    .         Reflect  .   (no cloak)
rCorr    .         Harm     .   (no gloves)
MR       .....                  (no barding)
Stlth    ++........             (no amulet)
HPRegen  0.15/turn              (no ring)
MPRegen  0.09/turn              (no ring)

@: mighty, agile, lethally poisoned (0 -> -23), very quick
A: large, hooves 3, deformed body, speed 2, tough skin 3
a: Potion Petition, Call Merchant, Bribe Branch, Renounce Religion


You were on level 4 of the Dungeon.
You worshipped Gozag.
Gozag was aware of your devotion.
You were near starving.

You visited 1 branch of the dungeon, and saw 4 of its levels.

You collected 442 gold pieces.
You paid 38 gold pieces to Gozag.

Inventory:

Hand Weapons
 a - a +1 shortbow
 b - a +0 short sword
 r - a cursed -1 falchion (weapon)
Missiles
 d - 4 arrows
Armour
 c - a +0 leather armour
 o - a +1 ring mail of fire resistance (worn)
Jewellery
 k - an uncursed ring of protection from cold {unknown}
Scrolls
 e - 4 scrolls of identify {unknown}
 h - 2 scrolls of fog {unknown}
 i - 2 scrolls of blinking {unknown}
 m - 4 scrolls of remove curse {unknown}
 s - a scroll of magic mapping {unknown}
Potions
 g - a potion of agility
 j - a potion of might
 n - a potion of haste {unknown}
 p - a potion of curing {unknown}
 q - a potion of brilliance {unknown}
Comestibles
 f - 8 rations


   Skills:
 + Level 3.6 Fighting
 * Level 7.1 Bows
 - Level 2.2 Dodging
 - Level 1.5 Stealth


You had 4 spell levels left.
You didn't know any spells.
Your spell library was empty.

Dungeon Overview and Level Annotations

Branches:
Dungeon (4/15)
 Temple: D:4-7

Altars:
Fedhas
Gozag

Annotations:
D:4 Menkaure


Innate Abilities, Weirdness & Mutations

You have hooves in place of feet.
Armour fits poorly on your strangely shaped body.
You cover ground very quickly.
You have extremely tough skin. (AC +3)


Message History

* * * LOW HITPOINT WARNING * * *
You feel very sick.
The worker ant bites you but does no damage.
Okay, then.
You closely miss the worker ant. Your kick misses the worker ant.
The worker ant is almost dead.
* * * LOW HITPOINT WARNING * * *
You feel very sick.
The worker ant bites you but does no damage.
The worker ant bites you.
* * * LOW HITPOINT WARNING * * *
It was a potion of might.
You feel very mighty all of a sudden.
* * * LOW HITPOINT WARNING * * *
You feel sick. The worker ant bites you.
* * * LOW HITPOINT WARNING * * *
It was a potion of agility.
You feel agile all of a sudden.
You die...
Your body crumbles into a pile of gold.

###.###
.....>....
......... $
........(
...... #....
#..a######..#
#.#.@........
#.#..#####..#
#....# ###>.#
####..#
#.....###
#...#.....# #
#..###.....#.#
#. #.......#


You could see a worker ant.

Vanquished Creatures
  A crimson imp (D:3)
  An orc wizard (D:3)
  A worker ant (D:4)
  3 gnolls (D:3)
  5 adders
  An ooze (D:2)
  3 worms
  3 dart slugs
  3 leopard geckos
  3 orcs
  2 ball pythons
  5 bats
  5 giant cockroaches
  5 goblins
  9 hobgoblins
  4 jackals (D:2)
  4 kobolds
  A quokka (D:3)
  7 frilled lizards
  7 rats
73 creatures vanquished.

Notes
Turn   | Place    | Note
-------+----------+-------------------------------------------
     0 | D:1      | Gaball the Centaur Hunter began the quest for the Orb.
     0 | D:1      | Reached XP level 1. HP: 17/17 MP: 1/1
   170 | D:1      | Reached XP level 2. HP: 24/24 MP: 2/2
   544 | D:2      | Reached skill level 1 in Stealth
   562 | D:2      | Reached XP level 3. HP: 30/30 MP: 3/3
   630 | D:2      | Found a blossoming altar of Fedhas.
  1225 | D:2      | Reached XP level 4. HP: 37/37 MP: 4/4
  1556 | D:2      | Found an opulent altar of Gozag.
  1576 | D:2      | Became a worshipper of Gozag Ym Sagoz the Greedy
  2070 | D:3      | Reached skill level 6 in Bows
  2135 | D:3      | Reached XP level 5. HP: 43/45 MP: 5/5
  3273 | D:4      | Reached skill level 7 in Bows
  3637 | D:4      | Noticed Menkaure
  3748 | D:4      | HP: 2/45 [worker ant (5)]
  3749 | D:4      | Succumbed to a worker ant's poison

Skill      XL: |  1  2  3  4  5 |
---------------+----------------+-----
Stealth        | 1 |  1.5
Dodging        | 2 |  2.2
Bows           | 6 7 |  7.1
Fighting       | 3 |  3.6

Action                   |  1- 3 |  4- 6 || total
-------------------------+-------+-------++-------
Melee: Short sword       |    28 |   174 ||   202
       Kick              |     4 |    22 ||    26
       Falchion          |       |    15 ||    15
 Fire: Shortbow          |    87 |    11 ||    98
  Use: Potion            |       |     5 ||     5
 Stab: Distracted        |       |     1 ||     1
  Eat: Chunk             |       |     2 ||     2
       Ration            |       |     1 ||     1
Armor: Leather armour    |    23 |     4 ||    27
       Ring mail         |       |    74 ||    74
Dodge: Dodged            |    32 |    94 ||   126
       Rpst.: Falchion   |       |     2 ||     2
